 Dungeon Crawl Stone Soup version 0.26-a0-708-g17f3b190f9 (webtiles) character file.

Game seed: 8123199897051705290

9345 vt the Severer (level 11, -4/94 HPs)
             Began as a Deep Dwarf Fighter on Oct 30, 2020.
             Was a High Priest of Makhleb.
             Succumbed to an orc warlord's poison
             ... on level 1 of the Orcish Mines.
             The game lasted 00:11:33 (5346 turns).

vt the Severer (Deep Dwarf Fighter)                 Turns: 5346, Time: 00:11:34

Health: -4/94      AC: 12    Str: 22    XL:     11   Next: 21%
Magic:  17/17      EV:  4    Int: 10    God:    Makhleb [*****.]
Gold:   518        SH:  9    Dex: 12    Spells: 10/10 levels left

rFire    + . .     SeeInvis .   a - +2 war axe
rCold    . . .     Faith    +   c - +0 kite shield
rNeg     . . .     Spirit   .   w - +0 plate armour
rPois    .         Reflect  .   (no helmet)
rElec    .         Harm     .   n - +0 cloak
rCorr    .         Rampage  .   (no gloves)
MR       +....                  (no boots)
Stlth    ..........             u - amulet of faith {!P}
HPRegen  0.00/turn              G - ring of stealth
MPRegen  0.15/turn              v - ring of protection from fire

@: lethally poisoned (-4 -> -50), stab, flying, non-regenerating
A: damage resistance, heal wounds, sense surroundings 2, no regeneration
a: Heal Wounds, Minor Destruction, Lesser Servant of Makhleb, Major Destruction,
Greater Servant of Makhleb, Renounce Religion


You were on level 1 of the Orcish Mines.
You worshipped Makhleb.
Makhleb was extremely pleased with you.
You visited 3 branches of the dungeon, and saw 11 of its levels.

You collected 518 gold pieces.

Inventory:

Hand Weapons
 a - a +2 war axe (weapon)
 j - a +1 dagger of distortion
   (You took it off a big kobold on level 6 of the Dungeon)
 D - a cursed -2 morningstar
   (You found it on level 7 of the Dungeon)
Missiles
 i - 8 boomerangs (quivered)
 k - a throwing net {!d}
 t - 7 javelins
 L - a curare-tipped dart
Armour
 b - a +0 scale mail
 c - a +0 kite shield (worn)
 n - a +0 cloak (worn)
   (You found it on level 5 of the Dungeon)
 w - a +0 plate armour (worn)
   (You found it on level 7 of the Dungeon)
Jewellery
 m - an uncursed amulet of reflection
   (You found it on level 5 of the Dungeon)
 u - an amulet of faith (around neck) {!P}
   (You found it on level 7 of the Dungeon)
 v - a ring of protection from fire (right hand)
   (You found it on level 7 of the Dungeon)
 G - a ring of stealth (left hand)
   (You found it on level 8 of the Dungeon)
Wands
 l - a wand of acid (18)
   (You found it on level 5 of the Dungeon)
Scrolls
 o - a scroll of blinking {!r}
 p - a scroll of magic mapping
 r - 3 scrolls of amnesia
 s - 4 scrolls of teleportation {@r4}
 y - a scroll of fear {unknown}
 z - a scroll of random uselessness {unknown}
 E - a scroll of immolation {unknown}
 F - 2 scrolls of enchant armour {unknown}
 I - a scroll of fog {unknown}
 K - 2 scrolls of remove curse {@r2}
Potions
 d - 3 potions of might
 e - 3 potions of lignification
 f - 2 potions of magic {unknown}
 g - 2 potions of resistance
 h - a potion of heal wounds {unknown}
 q - 3 potions of invisibility
 A - 2 potions of flight
 B - a potion of stabbing
 C - 2 potions of curing {unknown}
 H - a potion of degeneration {unknown}
 J - a potion of brilliance {unknown}


   Skills:
 - Level 5.0 Fighting
 + Level 15.4 Axes
 - Level 3.2 Armour
 - Level 3.2 Shields
 - Level 10.0 Invocations
 - Level 4.0 Evocations


You had 10 spell levels left.
You didn't know any spells.
Your spell library contained the following spells:

 Spells                   Type           Power        Failure   Level
 Foxfire                  Conj/Fire      #...         100%        1
 Freeze                   Ice            #...         100%        1
 Sting                    Tmut/Pois      #...         100%        1
 Poisonous Vapours        Pois/Air       #.....       100%        2
 Confusing Touch          Hex            #.......     100%        3
 Conjure Flame            Conj/Fire      #.......     100%        3
 Frozen Ramparts          Ice            #.....       100%        3
 Gell's Gravitas          Tloc           #.........   100%        3
 Ignite Poison            Fire/Tmut/Pois #.......     100%        3
 Inner Flame              Hex/Fire       #.......     100%        3
 Mephitic Cloud           Conj/Pois/Air  #.......     100%        3
 Ozocubu's Armour         Ice            #.......     100%        3
 Hailstorm                Conj/Ice       #.......     100%        4
 Olgreb's Toxic Radiance  Pois           #.......     100%        4
 Petrify                  Tmut/Erth      #.......     100%        4
 Sticky Flame             Conj/Fire      #.......     100%        4
 Summon Ice Beast         Ice/Summ       #.......     100%        4
 Fireball                 Conj/Fire      #.........   100%        5
 Metabolic Englaciation   Hex/Ice        #.........   100%        5
 Yara's Violent Unravell  Hex/Tmut       #.........   100%        5


Dungeon Overview and Level Annotations

Branches:
Dungeon (9/15)             Temple (1/1) D:5            Lair (0/6) D:8
    Orc (1/2) D:9

Altars:
Ashenzari
Cheibriados
Dithmenos
Elyvilon
Fedhas
Gozag
Kikubaaqudgha
Makhleb
Okawaru
Qazlal
Sif Muna
Trog
Uskayaw
Vehumet
Xom
The Shining One

Shops:
D:5 [

Annotations:
Orc:1 Harold


Innate Abilities, Weirdness & Mutations

You are resistant to damage.
You can heal yourself by infusing magical energy.
You passively map the area around you.
You do not regenerate.


Message History

The orc is smitten.
The orc dies!
Makhleb accepts your kill. The orc hits you but does no damage.
The orc hits your smoke demon with a +0 hand axe.
Your orange demon stings the orc warlord!
Your orange demon hits the orc warlord but does no damage.
The orc warlord roars a battlecry!
The orcs go into a battle-frenzy!
The orc warlord blocks your attack.
The orc warlord is heavily wounded.
You hit the orc warrior but do no damage.
You hit the orc.
Your smoke demon gestures at the orc.
The orc is smitten.
The orc dies!
Makhleb accepts your kill.
The ogre closely misses your smoke demon.
Your orange demon stings the orc warlord.
Your orange demon hits the orc warlord.
The orc warlord looks weaker.
The orc warlord hits you but does no damage.
You are more poisoned.
The orc warlord blocks your attack.
The orc warlord is severely wounded.
You closely miss the orc warrior. You block the orc warrior's attack.
The orc warrior hits your smoke demon with a +0 war axe!!
Your smoke demon hits the orc warrior.
Your smoke demon closely misses the orc warrior.
Your smoke demon hits the orc warrior but does no damage.
Your plate armour prevents you from hitting the orc warlord.
The orc warlord is severely wounded.
You hit the orc warrior.
The orc warlord blocks your orange demon's attack.
Your orange demon hits the orc warlord.
The orc warlord hits you with a +1 long sword of venom!
You are more poisoned.
The orc is engulfed in a cloud of scalding steam.
The orc dies!
Makhleb accepts your kill.
You can now summon a greater servant of Makhleb.
The ogre hits your smoke demon with a +0 giant club!
Your smoke demon dies!
You block the orc warrior's attack.
The orc is engulfed in a cloud of scalding steam.
You hit the orc warlord but do no damage.
The orc warlord is severely wounded.
You completely miss the orc warrior.
You feel sick.
The orc warlord blocks your orange demon's attack.
Your orange demon hits the orc warlord but does no damage.
The orc warrior hits you with a +0 dire flail!!
* * * LOW HITPOINT WARNING * * *
The orc warlord hits you with a +1 long sword of venom!
* * * LOW HITPOINT WARNING * * *
You are lethally poisoned!
An orc sorcerer comes into view. It is wielding a +0 dagger.
You fail to use your ability.
* * * LOW HITPOINT WARNING * * *
You feel very sick.
Your orange demon stings the orc warlord but does no damage.
The orc warlord blocks your orange demon's attack.
The orc warrior hits you but does no damage.
The orc warrior hits your orange demon with a +0 dire flail!
The orc warlord hits your orange demon with a +1 long sword of venom!!
Your orange demon dies!
The orc warlord shouts!
You feel much better.
* * * LOW HITPOINT WARNING * * *
You feel very sick.
You hear a shout!
You block the orc warrior's attack. x2
You closely miss the orc.
The orc is moderately wounded.
You hit the orc warrior. You hit the orc warlord. You hit the orc warrior.
You slash the orc warrior! You hit the orc.
* * * LOW HITPOINT WARNING * * *
You feel very sick.
The orc warlord roars a battlecry!
The orc sorcerer goes into a battle-frenzy!
You block the orc warrior's attack.
Harold the Weathered comes into view.
He is wielding a +0 long sword.
The orc warrior hits you with a +0 war axe.
* * * LOW HITPOINT WARNING * * *
Okay, then.
It was a potion of stabbing.
You feel ready to backstab.
* * * LOW HITPOINT WARNING * * *
You feel very sick.
The orc warrior no longer looks unusually strong.
The orc no longer looks unusually strong.
The orc hits you but does no damage.
The orc warrior hits you with a +0 dire flail!
* * * LOW HITPOINT WARNING * * *
The orc warlord hits you with a +1 long sword of venom!
* * * LOW HITPOINT WARNING * * *
You are more poisoned.
The orc warrior hits you with a +0 war axe.
It was a potion of flight.
You feel very buoyant.
You fly up into the air.
You die...

..░░..................░ * ,
.......................░*
......░................░,
........................,
.....^............).....
........................ *
...............)O....... *
* ..░((........).ooo.o....
,**, *
..░░...........o@o.$..@.,,,
, . ░░.^.........oo......,
,,**, *
░................░░░ * ,
*░░....(†..........░ ,
░░....░...<.░.....░ ,
░............░...░░
░..░.░......░......░
......░...░.░░░...░.░░
..░..░░░.....░.....░░


You could see an orc warlord (very poisoned, weak), Harold, an orc sorcerer
(strong), 3 orc warriors, an ogre and 3 orcs.

Vanquished Creatures
  An ettin (Orc:1)
  A centaur warrior (D:8)
  A two-headed ogre (D:7)
  The ghost of ArthosElwyn the Spear-Bearer, a novice OpBe of Trog (D:6)
  A cyclops (Orc:1)
  Psyche (D:9)
  A meliai (D:8)
  A wyvern (D:8)
  Grum (D:8)
  4 wargs
  4 water moccasins (D:8)
  2 ice beasts
  3 sky beasts
  A necrophage (D:9)
  An orc warrior (D:8)
  2 black bears
  2 phantoms
  A centaur (D:9)
  3 wolves (D:8)
  8 ogres
  8 big kobolds (D:6)
  7 bullfrogs
  4 scorpions
  5 killer bees (D:9)
  3 howler monkeys (D:9)
  2 quasits
  3 bullfrog zombies
  3 hounds
  10 orc priests
  4 orc wizards
  2 iguanas
  A worker ant (D:8)
  2 hound skeletons
  6 adders
  11 gnolls
  4 shadow imps
  A white imp (D:7)
  An adder zombie (D:7)
  2 adder skeletons
  A worm (D:4)
  2 leopard geckos
  31 orcs
  A ball python (D:3)
  3 giant cockroaches
  2 hobgoblins (D:3)
  9 jackals
  A quokka (D:6)
  3 bats
  2 frilled lizards
  5 goblins
  A jackal skeleton (D:5)
  6 kobolds
  A leopard gecko skeleton (D:6)
  3 rats
190 creatures vanquished.

Vanquished Creatures (collateral kills)
  5 orcs (Orc:1)
5 creatures vanquished.

Vanquished Creatures (others)
  An orc wizard (D:4)
  14 fungi (D:8)
  15 plants
30 creatures vanquished.

Grand Total: 225 creatures vanquished

Notes
Turn   | Place    | Note
-------+----------+-------------------------------------------
     0 | D:1      | vt the Deep Dwarf Fighter began the quest for the Orb.
     0 | D:1      | Reached XP level 1. HP: 20/20 MP: 1/1
   103 | D:3      | Reached skill level 3 in Axes
   104 | D:3      | Reached XP level 2. HP: 22/27 MP: 2/2
   133 | D:5      | Entered Level 5 of the Dungeon
   143 | D:5      | Found Ymuomeoph's Armour Emporium.
   156 | D:5      | Found a staircase to the Ecumenical Temple.
   166 | Temple   | Entered the Ecumenical Temple
   198 | Temple   | Became a worshipper of Makhleb the Destroyer
   333 | D:5      | Found a transporter.
   401 | D:4      | Reached skill level 4 in Axes
   401 | D:4      | Reached XP level 3. HP: 14/33 MP: 3/3
   425 | D:4      | Reached XP level 4. HP: 40/40 MP: 4/4
   459 | D:4      | Reached skill level 5 in Axes
   485 | D:4      | Identified the +7 longbow of Daihear {flame, rC+ Str+4}
   494 | D:4      | Reached skill level 6 in Axes
   494 | D:4      | Reached XP level 5. HP: 29/46 MP: 5/5
   596 | D:3      | Reached * piety under Makhleb
   741 | D:5      | Found a transporter.
   791 | D:5      | Noticed an ogre
   791 | D:5      | Noticed an ogre
   800 | D:5      | Killed an ogre
   800 | D:5      | Reached skill level 7 in Axes
   800 | D:5      | Reached XP level 6. HP: 23/55 MP: 6/6
   820 | D:5      | Reached skill level 8 in Axes
   821 | D:5      | Noticed a sky beast
   847 | D:5      | Killed a sky beast
   847 | D:5      | Reached XP level 7. HP: 41/61 MP: 7/7
  1092 | D:5      | Reached skill level 9 in Axes
  1440 | D:6      | Reached skill level 10 in Axes
  1461 | D:6      | Reached skill level 3 in Fighting
  1461 | D:6      | Reached ** piety under Makhleb
  1530 | D:6      | Reached XP level 8. HP: 39/69 MP: 8/8
  1692 | D:6      | Got a scorched brass ring
  1693 | D:6      | Identified the ring "Nopaz" {*Tele rC+} (You found it on
                  | level 6 of the Dungeon)
  1807 | D:6      | Found a runed translucent gate.
  1808 | D:6      | Found a runed translucent gate.
  1809 | D:6      | Found a runed translucent gate.
  1809 | D:6      | Identified the +10 short sword of Drought {venom, Str-4
                  | Int+4 Dex+4 SInv}
  1809 | D:6      | Noticed ArthosElwyn's ghost (novice OpBe)
  1825 | D:6      | Reached skill level 4 in Fighting
  1875 | D:6      | Killed ArthosElwyn's ghost
  1875 | D:6      | Reached skill level 5 in Fighting
  1875 | D:6      | Reached skill level 11 in Axes
  1875 | D:6      | Reached skill level 4 in Invocations
  1879 | D:6      | Paralysed by a big kobold for 2 turns
  1885 | D:6      | Paralysed by a big kobold for 7 turns
  1894 | D:6      | Gained mutation: You passively map the area around you.
                  | [Deep Dwarf growth]
  1894 | D:6      | Reached XP level 9. HP: 60/81 MP: 9/11
  1917 | D:6      | Reached skill level 5 in Invocations
  2270 | D:7      | Reached skill level 6 in Invocations
  2546 | D:7      | Noticed a two-headed ogre
  2557 | D:7      | Killed a two-headed ogre
  2557 | D:7      | Reached skill level 12 in Axes
  2557 | D:7      | Reached skill level 7 in Invocations
  2668 | D:7      | Reached *** piety under Makhleb
  2668 | D:7      | Reached skill level 8 in Invocations
  3398 | D:5      | Reached skill level 1 in Evocations
  3462 | D:8      | Noticed Grum
  3481 | D:8      | Reached skill level 2 in Evocations
  3487 | D:8      | Reached XP level 10. HP: 67/88 MP: 15/15
  3533 | D:8      | Killed Grum
  3619 | D:8      | Reached skill level 9 in Invocations
  3674 | D:8      | Found a glowing golden altar of the Shining One.
  3725 | D:8      | Reached skill level 3 in Evocations
  3803 | D:8      | Reached **** piety under Makhleb
  3807 | D:8      | Found a staircase to the Lair.
  3826 | D:8      | Reached skill level 4 in Evocations
  4084 | D:8      | Reached skill level 13 in Axes
  4333 | D:8      | Reached skill level 10 in Invocations
  4341 | D:8      | Noticed a centaur warrior
  4351 | D:8      | Killed a centaur warrior
  4603 | D:9      | Found a staircase to the Orcish Mines.
  4608 | D:9      | Noticed Psyche
  4613 | D:9      | Reached skill level 14 in Axes
  4634 | D:9      | Killed Psyche
  4708 | D:9      | Reached ***** piety under Makhleb
  4788 | D:9      | Reached XP level 11. HP: 73/94 MP: 17/17
  5260 | Orc:1    | Entered Level 1 of the Orcish Mines
  5276 | Orc:1    | Reached skill level 15 in Axes
  5306 | Orc:1    | Noticed an ettin
  5322 | Orc:1    | Noticed an orc warlord
  5329 | Orc:1    | Killed an ettin
  5341 | Orc:1    | HP: 21/94 [orc warlord/+1 long sword of venom (8)]
  5341 | Orc:1    | Noticed an orc sorcerer
  5344 | Orc:1    | Noticed Harold
  5345 | Orc:1    | HP: 6/94 [orc warrior/+0 dire flail[an orc warlord] (12)]
  5345 | Orc:1    | HP: 1/94 [orc warlord/+1 long sword of venom (5)]
  5346 | Orc:1    | Succumbed to an orc warlord's poison

Illustrated notes

Levels and vault maps discovered:
D:1:      psy_arrival_radial02, layout_basic, st_stairs_6,
          minmay_indecisive_spiral
D:2:      layout_loops_ring, guppyfry_early_orc_mine, uniq_robin, uniq_sigmund
D:3:      layout_rooms, kennysheep_generic_room_14, uniq_crazy_yiuf_cottage
D:4:      layout_layer_cave
D:5:      gammafunk_wand_slinger, layout_loops_corners,
          minmay_temple_entry_statues_pillars, serial_shops, shop_statue,
          minmay_starry_boxes
D:6:      layout_loops_ring, gammafunk_ghost_nasty_kobolds
D:7:      layout_layer_cave
D:8:      layout_cave_pods, nicolae_tso_carved_into_rock,
          due_lair_maze_entry_diamond, minmay_three_doors, uniq_grum
D:9:      layout_basic, erik_orc_4, uniq_psyche
Temple:   dpeg_three_leaves_temple
Orc:1:    layout_caves, uniq_maurice, uniq_harold

Skill      XL: |  1  2  3  4  5  6  7  8  9 10 11 |
---------------+----------------------------------+-----
Axes           | 3 4 6 7 8 10 11 12 14 15 | 15.4
Fighting       | 3 5 |  5.0
Invocations    | 4 8 10 | 10.0
Evocations     | 2 4 |  4.0
Armour         | |  3.2
Shields        | |  3.2

Action                   |  1- 3 |  4- 6 |  7- 9 | 10-12 || total
-------------------------+-------+-------+-------+-------++-------
Melee: War axe           |    57 |    98 |   303 |   236 ||   694
Throw: Boomerang         |       |     2 |       |       ||     2
       Dart              |       |       |       |     4 ||     4
Invok: Lesser Servant of |       |       |       |     3 ||     3
 Abil: Heal Wounds       |     1 |     2 |     4 |     6 ||    13
Evoke: Wand              |       |       |    15 |     5 ||    20
  Use: Scroll            |       |       |    11 |     2 ||    13
       Potion            |       |       |       |     2 ||     2
Armor: Scale mail        |    35 |    37 |    54 |       ||   126
       Plate armour      |       |       |    49 |   162 ||   211
Dodge: Dodged            |    29 |    54 |    44 |    32 ||   159
Block: Kite shield       |    26 |    59 |   173 |   135 ||   393
       Reflection        |       |       |     2 |       ||     2

Table legend: (Time is in decaauts)
 A = Elapsed time spent in this place.
 B = Non-inter-level travel time spent in this place.
 C = Inter-level travel time spent in this place.
 D = Time resting spent in this place.
 E = Time spent auto-exploring this place.
 F = Levels seen in this place.
 G = Mean time per level.
                   A        B        C        D        E       F      G
               +--------+--------+--------+--------+--------+-----+--------+
         Total |   5389 |   4914 |    475 |      6 |   3474 |  11 |  489.9 |
       Dungeon |   5265 |   4790 |    475 |      6 |   3421 |   9 |  585.0 |
        Temple |     41 |     41 |      0 |      0 |     26 |   1 |   41.0 |
  Orcish Mines |     82 |     82 |      0 |      0 |     27 |   1 |   82.0 |
               +--------+--------+--------+--------+--------+-----+--------+

Top non-repeatable levels by time:
     D:7: 1291 daAuts
     D:5: 1087 daAuts
     D:8: 1020 daAuts
     D:6: 737 daAuts
     D:9: 685 daAuts
     D:4: 269 daAuts
     D:1: 87 daAuts
   Orc:1: 82 daAuts
     D:3: 63 daAuts
  Temple: 41 daAuts
     D:2: 22 daAuts

Table legend:
 A = Kills in this place as a percentage of kills in entire the game.
 B = Kills by you in this place as a percentage of kills by you in the entire game.
 C = Kills by friends in this place as a percentage of kills by friends in the entire game.
 D = Other kills in this place as a percentage of other kills in the entire game.
 E = Experience gained in this place as a percentage of experience gained in the entire game.
 F = Experience gained in this place divided by the number of levels of this place that you have seen.
                   A       B       C       D       E      F
               +-------+-------+-------+-------+-------+----------------------
         Total | 100.0 | 100.0 | 100.0 | 100.0 | 100.0 | 1213.7
       Dungeon |  94.9 |  97.4 |   0.0 | 100.0 |  84.8 | 1258.2
  Orcish Mines |   5.1 |   2.6 | 100.0 |   0.0 |  15.2 | 2027.0
               +-------+-------+-------+-------+-------+----------------------
